 Dungeon Crawl Stone Soup version 0.31-a0-188-g5e087ee2ca (webtiles) character file.

Game seed: 1594325878782116608

22 qw the Shooter (level 2, 0/16 HPs)
             Began as a Deep Elf Hunter on June 23, 2023.
             Succumbed to their own poison gas
             ... on level 1 of the Dungeon.
             The game lasted 00:00:13 (641 turns).

qw the Shooter (Deep Elf Hunter)                     Turns: 641, Time: 00:00:14

Health: 0/16       AC:  3    Str:  8    XL:     2   Next: 68%
Magic:  4/4        EV: 12    Int: 13    God:
Gold:   34         SH:  0    Dex: 18    Spells: 1/1 levels left

rFire   + . .        Y - +0 shortbow
rCold   . . .        (shield currently unavailable)
rNeg    . . .        c - +0 leather armour
rPois   .            (no helmet)
rElec   .            (no cloak)
rCorr   .            (no gloves)
SInv    .            (no boots)
Will    .....        (no amulet)
Stlth   ++           d - ring of protection from fire
HPRegen 0.22/turn    (no ring)
MPRegen 0.09/turn

%: no passive effects
@: lethally poisoned (0 -> -11)
A: no striking features
a: no special abilities


You were on level 1 of the Dungeon.
You visited 1 branch of the dungeon, and saw 1 of its levels.

You collected 34 gold pieces.


   Skills:
 - Level 1.5 Fighting
 + Level 6.4 Ranged Weapons
 - Level 2.4 Dodging
 - Level 1.2 Stealth


You had one spell level left.
You didn't know any spells.
Your spell library was empty.

Inventory:

Hand Weapons
 Y - a +0 shortbow (weapon)
Armour
 c - a +0 leather armour (worn)
Jewellery
 d - a ring of protection from fire (left hand)
Potions
 b - a potion of heal wounds

Dungeon Overview and Level Annotations

Branches:
Dungeon (1/15)

Altars:


Message History

You kill the endoplasm!
You now have 24 gold pieces (gained 9).
You now have 34 gold pieces (gained 10).
A rat comes into view.
Enter note:
Enter note:
Enter note:
Enter note:
Enter note:
Enter note: You shoot an arrow.
The arrow hits the rat.
You kill the rat!
A hobgoblin comes into view.
Enter note:
Enter note:
Enter note:
Enter note:
Enter note:
Enter note: A hobgoblin is nearby!
637 ||| READING scroll labelled PUWOPT ZEMNI.
The air fills with toxic fumes!
As you read the scroll labelled PUWOPT ZEMNI, it crumbles to dust.
It was a scroll of poison.
A hobgoblin is nearby!
638 ||| DRINKING 2 white potions.
It was a potion of heal wounds.
You feel much better.
A hobgoblin is nearby!
A hobgoblin is nearby!
Enter note:
Enter note:
Enter note: Really walk into that cloud of poison gas?
You are engulfed in poison gas.
You are lethally poisoned!
You feel very sick.
640 ||| Stepping ~*~*~tactically~*~*~ (cloud).
You feel very sick.
There is a lethal amount of poison in your body!
You die...

............#
........#.#.#
............# #.
.###....#.#.#
#.#######...........#
#.....¤¤########.#..##
#######¤#........#...#
......#¤######...#.#...#
......#@#.# #..######.#
..J...#¤#.# #..#.......
.....g#¤#.## #..#.######
......#¤#..###..#....#
..... #¤#.......####.#
###.# #¤¤........# # #.
#########..# # ......
##.##..


You could see an endoplasm (asleep) and a hobgoblin.

Vanquished Creatures
  2 bats (D:1)
  3 endoplasms (D:1)
  4 goblins (D:1)
  3 hobgoblins (D:1)
  2 jackals (D:1)
  3 frilled lizards (D:1)
  A kobold (D:1)
  A rat (D:1)
19 creatures vanquished.

Notes
Turn   | Place    | Note
-------+----------+-------------------------------------------
     0 | D:1      | qw the Deep Elf Hunter began the quest for the Orb.
     0 | D:1      | Reached XP level 1. HP: 12/12 MP: 3/3
     0 | D:1      | 0 ||| qw: Version: 0.3-a-9-g12657ce
     0 | D:1      | 0 ||| qw: Game counter: 3286
     0 | D:1      | 0 ||| qw: Always use a shield: true
     0 | D:1      | 0 ||| qw: God list: Okawaru
     0 | D:1      | 0 ||| qw: Allow faded altars: false
     0 | D:1      | 0 ||| qw: Do Orc after D:15 true
     0 | D:1      | 0 ||| qw: Do second Lair branch before Depths: true
     0 | D:1      | 0 ||| qw: Lair rune preference: random
     0 | D:1      | 0 ||| qw: Plans: Normal
     0 | D:1      | 0 ||| PLANNING D:1-11
   172 | D:1      | Reached skill level 6 in Ranged Weapons
   172 | D:1      | Reached XP level 2. HP: 15/16 MP: 4/4
   253 | D:1      | 253 ||| UPGRADING to ring of protection from fire.
   254 | D:1      | 254 ||| DROPPING scroll of butterflies.
   637 | D:1      | 637 ||| READING scroll labelled PUWOPT ZEMNI.
   638 | D:1      | 638 ||| DRINKING 2 white potions.
   640 | D:1      | 640 ||| Stepping ~*~*~tactically~*~*~ (cloud).
   640 | D:1      | HP: 3/16 [poisoned by you (poison gas)]
   641 | D:1      | Succumbed to their own poison gas

Levels and vault maps discovered:
D:1:      minmay_arrival_four_circles, layout_basic, serial_co_window_serial,
          co_window_paths_a, co_window_paths_a, co_window_cross_1,
          co_window_of_opportunity_a, co_window_of_opportunity_a,
          co_window_2corner, co_window_broadway_b, co_window_corner_ca,
          co_window_broadway_b, co_window_unsneaky_path_c, co_window_broadway_a,
          co_window_unsneaky_path_a, glass_columns_a, glass_columns_a,
          glass_columns_a, minmay_ruptured

Skill      XL: |  1 |
---------------+----+-----
Ranged Weapons | 6 |  6.4
Fighting       | |  1.5
Dodging        | |  2.4
Stealth        | |  1.2

Action                     || total
---------------------------++-------
   Fire: Shortbow          ||    38
    Use: Scroll            ||     1
         Potion            ||     1
 Armour: Leather armour    ||     5
  Dodge: Dodged            ||     8

Table legend:
 A = Non-vault XP
 B = Vault XP
 C = Vault XP percentage of total XP
 D = Non-vault monster count
 E = Vault monster count
 F = Vault count percentage of total count
                 A         B        C        D         E       F
            +---------+---------+-------+---------+---------+-------
      Total |      32 |       0 |   0.0 |      19 |       0 |   0.0
            +---------+---------+-------+---------+---------+-------
        D:1 |      32 |       0 |   0.0 |      19 |       0 |   0.0
            +---------+---------+-------+---------+---------+-------
